 Dungeon Crawl Stone Soup version 0.31-a0-986-g5e6e4ef867 (webtiles) character file.

Game seed: 2297266560595688470

3789 javelincjr the Mimic (level 9, -23/82 HPs)
             Began as a Grey Draconian Shapeshifter on Nov 8, 2023.
             Was a Follower of Qazlal.
             Annihilated by an orc warlord
             ... wielding a +3 executioner's axe
              (31 damage)
             ... in a bailey.
             The game lasted 00:30:24 (7195 turns).

javelincjr the Mimic (Grey Draconian Shapeshifter)  Turns: 7195, Time: 00:30:24

Health: -23/82     AC: 12    Str: 20    XL:     9   Next: 95%
Magic:  9/9        EV: 13    Int: 15    God:    Qazlal [*.....]
Gold:   383        SH:  7    Dex: 11    Spells: 8/8 levels left

rFire   + . .        D - +10 hand axe of the Kissing Dragonfly {holy, rC+ Int+4}
rCold   + . .        F - +0 buckler
rNeg    + . .        (body armour unavailable)
rPois   .            (helmet currently unavailable)
rElec   .            (cloak currently unavailable)
rCorr   .            (gloves currently unavailable)
SInv    .            (boots currently unavailable)
Will    .....        (no amulet)
Stlth   +            j - ring of positive energy
HPRegen 0.33/turn    M - ring of protection from fire
MPRegen 0.11/turn

%: no passive effects
@: beast-form
A: beast (slay +4), AC +12, amphibious, unfitting armour, cold-blooded, robust
1, wild magic 1, evolution 1
a: Begin Untransformation, Renounce Religion


You were in a bailey.
You worshipped Qazlal.
Qazlal was aware of your devotion.
You were a hulking beast.
You visited 2 branches of the dungeon, and saw 8 of its levels.
You also visited: Sewer and Bailey.

You collected 383 gold pieces.

Inventory:

Hand Weapons
 e - a +1 sling of chaos
 D - the +10 hand axe of the Kissing Dragonfly (weapon) {holy, rC+ Int+4}
   (You found it on level 4 of the Dungeon)

   Int+4:     It affects your intelligence (+4).
   rC+:       It protects you from cold.
 Q - the +5 mace of the Cursing Wasp {distort, rElec rC+}
   (You found it on level 6 of the Dungeon)

   rC+:       It protects you from cold.
   rElec:     It insulates you from electricity.
Missiles
 f - 91 stones
 l - 10 poisoned darts
 u - 11 boomerangs
 w - a throwing net
 I - 6 javelins
Armour
 h - a +0 helmet
 i - a +2 pair of boots
 k - the +3 pair of gloves of the Many Violins {rPois rN+ Str+3}
   (You acquired it in a bailey)

   Str+3:     It affects your strength (+3).
   rPois:     It protects you from poison rN+: It protects you from negative
   energy.
 y - a +0 cloak
 F - a +0 buckler (worn)
Jewellery
 j - a ring of positive energy (left hand)
 G - an amulet of faith
 M - a ring of protection from fire (right hand)
Talismans
 b - a beast talisman
 c - a flux talisman
Wands
 m - a wand of mindburst (23)
 K - a wand of flame (22)
 N - a wand of charming (12)
Scrolls
 o - a scroll of enchant armour
 t - a scroll of fear
 A - 2 scrolls of butterflies
 H - a scroll of enchant weapon
 J - a scroll of poison
 O - a scroll of brand weapon
 P - 3 scrolls of identify
Potions
 a - 3 potions of lignification
 d - a potion of cancellation
 g - 8 potions of curing
 p - 2 potions of resistance
 q - a potion of mutation
 r - 3 potions of magic
 v - 2 potions of haste
 x - 5 potions of brilliance
 z - 3 potions of degeneration
 B - a potion of invisibility
 E - 4 potions of might {unknown}


   Skills:
 + Level 5.8 Fighting
 + Level 6.1 Dodging
 + Level 4.9 Shields
 + Level 5.9 Unarmed Combat
 * Level 8.9 Shapeshifting


You had 8 spell levels left.
You didn't know any spells.
Your spell library contained the following spells:

 Spells                   Type           Power      Damage    Failure   Level
 Apportation              Tloc           0%         N/A       41%         1
 Necrotise                Necr           0%         1d4       41%         1
 Summon Small Mammal      Summ           0%         N/A       41%         1
 Blink                    Tloc           0%         N/A       54%         2
 Ensorcelled Hibernation  Hex/Ice        0%         N/A       54%         2
 Jinxbite                 Hex            0%         N/A       54%         2
 Passwall                 Tmut/Erth      0%         N/A       54%         2
 Call Canine Familiar     Summ           0%         N/A       77%         3
 Summon Guardian Golem    Hex/Summ       0%         N/A       77%         3
 Swiftness                Air            0%         N/A       77%         3
 Tukima's Dance           Hex            0%         N/A       77%         3
 Manifold Assault         Tloc           0%         N/A       98%         4
 Passage of Golubria      Tloc           0%         N/A       98%         4
 Alistair's Intoxication  Tmut/Pois      0%         N/A       100%        5
 Yara's Violent Unravell  Hex/Tmut       0%         3d3       100%        5


Dungeon Overview and Level Annotations

Branches:
Dungeon (7/15)             Temple (1/1) D:6           Sewer (visited)
 Bailey (1/1)

Altars:
Cheibriados
Dithmenos
Elyvilon
Fedhas
Gozag
Hepliaklqana
Kikubaaqudgha
Makhleb
Nemelex Xobeh
Okawaru
Qazlal
Ru
Sif Muna
Trog
Uskayaw
Vehumet
Wu Jian
Xom
Yredelemnul
Zin
The Shining One


Innate Abilities, Weirdness & Mutations

You are a hulking beast.
Your limbs bulge with bestial killing power. (Slay +4)
Your dull iron-grey scales are very hard. (AC +12)
You are amphibious.
You cannot fit into any form of body armour.
You are cold-blooded and may be slowed by cold attacks.
You are robust. (+10% HP)
Your spells are a little harder to cast, but a little more powerful.
You have hidden genetic potential.


Message History

The orc warlord is engulfed in poison gas.
The orc warlord looks even sicker.
The orc warlord is engulfed in poison gas.
The orc warlord looks even sicker.
The orc warlord is engulfed in poison gas.
The orc warlord looks as sick as possible!
The orc warlord is engulfed in poison gas.
The orc warlord looks as sick as possible!
The orc warlord is engulfed in poison gas.
The orc warlord looks as sick as possible!
There is an open door, spattered with blood here.
Items here: )))))) [[[[[[.
The orc warlord looks as sick as possible!
The orc warlord is engulfed in poison gas.
The orc warlord looks as sick as possible!
The orc warlord is engulfed in poison gas.
The orc warlord looks as sick as possible!
Read: 2 scrolls of fear
Press: ? - help, Q - select action, (/) - cycle Dir - look around, f - activate Look: an orc warlord, wielding a +3 executioner's axe and wearing a +0 chain mail (heavily wounded, extremely poisoned, chance to affect: 79%)
As you read the scroll of fear, it crumbles to dust.
You assume a fearsome visage.
The orc warlord looks frightened!
You can no longer call upon nature to destroy your foes.
The orc warlord looks as sick as possible!
The orc warlord seems to regain its courage.
The orc warlord is engulfed in poison gas.
The orc warlord looks as sick as possible!
The orc warlord looks as sick as possible!
You slash the orc warlord!
The orc warlord is severely wounded.
The orc warlord barely misses you.
You hit the orc warlord.
The orc warlord is almost dead.
The orc warlord hits you with a +3 executioner's axe!!
* * * LOW HITPOINT WARNING * * *
You slash the orc warlord!
The orc warlord is almost dead.
The orc warlord hits you with a +3 executioner's axe!!
You die...

### ### ###.### ###.###
###.....### ###.....###
##.........###.........##
#.........○§#)°.........#
#.........ho)...........#
#.....⌠.....#°°...⌠.....#
#...........#.g......)).#
#...........#.......)...#
###.........###......)..###
###.#'#.....###.###....)#g#.##
###...))###.###...
###.###..... ##.........###
.... ###....... #.........g8#
..... #........


You could see an orc warlord (extremely poisoned).

Vanquished Creatures
  An orc knight (Bailey)
  Sigmund (D:6)
  Edmund (D:6)
  9 orc warriors (Bailey)
  2 ice beasts (D:5)
  An ogre (D:5)
  2 centaurs
  3 phantoms (D:5)
  5 bullfrogs
  3 scorpions
  3 hounds
  2 jellies
  2 orc priests
  A gnoll bouda (D:5)
  5 iguanas
  3 sleepcaps
  4 orc wizards (D:5)
  13 gnolls
  6 river rats (Sewer)
  14 adders
  2 shadow imps (D:6)
  5 worms
  The ghost of Maxmaps the Sneak, a weakling OpDe (D:5)
  3 dart slugs
  31 orcs
  4 bats
  11 endoplasms
  5 giant cockroaches
  21 goblins
  13 hobgoblins
  5 quokkas
  16 ball pythons
  4 frilled lizards
  10 kobolds
  21 rats
233 creatures vanquished.

Notes
Turn   | Place    | Note
-------+----------+-------------------------------------------
     0 | D:1      | javelincjr the Draconian Shapeshifter began the quest for
                  | the Orb.
     0 | D:1      | Reached XP level 1. HP: 16/16 MP: 1/1
   194 | D:1      | Reached XP level 2. HP: 23/23 MP: 2/2
   528 | D:1      | Found a faded altar of an unknown god.
  1335 | D:2      | Reached XP level 3. HP: 28/28 MP: 3/3
  1652 | D:2      | Reached skill level 4 in Shapeshifting
  1931 | D:3      | Reached XP level 4. HP: 35/35 MP: 4/4
  2448 | D:3      | Reached XP level 5. HP: 38/40 MP: 5/5
  2861 | D:4      | Found a white marble altar of Elyvilon.
  2908 | D:4      | Reached skill level 5 in Shapeshifting
  2924 | D:4      | Found a shimmering altar of Xom.
  2929 | D:4      | Identified the +10 hand axe of the Kissing Dragonfly {holy,
                  | rC+ Int+4}
  3452 | D:5      | Identified the "Cehiadd"
  3452 | D:5      | Identified the "Onumpubu"
  3452 | D:5      | Identified the "Cathrux"
  3452 | D:5      | Entered Level 5 of the Dungeon
  3489 | D:5      | Found a runed translucent door.
  3491 | D:5      | Noticed Maxmaps's ghost (weakling OpDe)
  3549 | D:5      | Reached XP level 6. HP: 33/47 MP: 6/6
  3728 | D:5      | Found a glowing drain.
  3732 | Sewer    | Entered a sewer
  4145 | Sewer    | Reached skill level 1 in Shields
  4149 | Sewer    | Your scales start taking on a dull iron-grey colour.
  4149 | Sewer    | Reached XP level 7. HP: 32/55 MP: 7/7
  4151 | Sewer    | Reached skill level 6 in Shapeshifting
  4283 | D:5      | Found a glowing silver altar of Zin.
  4455 | D:5      | Reached XP level 8. HP: 39/63 MP: 8/8
  4834 | D:5      | Found a shimmering blue altar of Sif Muna.
  4839 | D:5      | Reached skill level 7 in Shapeshifting
  4843 | D:5      | Found an ancient bone altar of Kikubaaqudgha.
  4884 | D:5      | Found a radiant altar of Vehumet.
  5005 | D:5      | Killed Maxmaps's ghost
  5282 | D:6      | Noticed Sigmund
  5285 | D:6      | Killed Sigmund
  5286 | D:6      | Reached skill level 5 in Dodging
  5300 | D:6      | Found an iron altar of Okawaru.
  5333 | D:6      | Noticed Edmund
  5344 | D:6      | Killed Edmund
  5345 | D:6      | Reached XP level 9. HP: 41/69 MP: 9/9
  5455 | D:6      | Found an opulent altar of Gozag.
  5526 | D:6      | Reached skill level 5 in Unarmed Combat
  5657 | D:6      | Found a staircase to the Ecumenical Temple.
  5733 | D:6      | Identified the +5 mace of the Cursing Wasp {distort, rElec
                  | rC+}
  5789 | Temple   | Entered the Ecumenical Temple
  5823 | Temple   | Became a worshipper of Qazlal Stormbringer
  5968 | D:6      | Found a hazy altar of Hepliaklqana.
  6252 | D:7      | Found an ornate altar of the Wu Jian Council.
  6293 | D:7      | Reached skill level 8 in Shapeshifting
  6315 | D:7      | Found a burning altar of Makhleb.
  6347 | D:7      | Found a flagged portal.
  6363 | Bailey   | Entered a bailey
  6397 | Bailey   | Reached skill level 5 in Fighting
  6518 | Bailey   | Noticed an orc knight
  6522 | Bailey   | Gained mutation: You are robust. (+10% HP) [potion of
                  | mutation]
  6522 | Bailey   | Gained mutation: You have hidden genetic potential. [potion
                  | of mutation]
  6522 | Bailey   | Gained mutation: Your spells are a little harder to cast,
                  | but a little more powerful. [potion of mutation]
  6532 | Bailey   | Killed an orc knight
  6538 | Bailey   | Reached * piety under Qazlal
  7091 | Bailey   | Noticed an orc warlord
  7101 | Bailey   | Reached ** piety under Qazlal
  7157 | Bailey   | Identified a scroll of acquirement
  7157 | Bailey   | Acquired the +3 pair of gloves of the Many Violins {rPois
                  | rN+ Str+3}
  7195 | Bailey   | Annihilated by an orc warlord

Illustrated notes

Levels and vault maps discovered:
D:1:      saegor_arrival_simple_d, layout_basic,
          shapermc_ecumenical_altar_hornbeckon, solitary_fountain,
          dreamdust_wishing_well
D:2:      layout_rooms
D:3:      corexii_shack_village, layout_basic, saegor_snake_ambush
D:4:      layout_cave_pools, xom_teletrap_fun, elyvilon_altar_5,
          dk_noncrumbling_2
D:5:      minmay_diamond_boxcup, layout_rooms, palyth_temple_overflow_mages,
          old_standard_altar, ebering_ghost_sewer_d,
          mainiacjoe_sewer_entry_somewhere_in_here_2
D:6:      layout_rooms, mainiacjoe_overflow_24_doors, lemuel_crystal_altar,
          lemuel_coloured_pillars_altar, minmay_temple_entry_statues_fountains,
          serial_curves, eino_curves_03, eino_curves_04,
          kennysheep_generic_room_8, uniq_sigmund, uniq_edmund
D:7:      layout_layer_cave, mainiacjoe_overflow_boulevard, bloody_makhleb,
          serial_shops, shop, enter_bailey_5
Temple:   jpeg_temple_alley_garden
Bailey:   bailey_axe_minmay_hex_keep, bailey

Skill      XL: |  1  2  3  4  5  6  7  8  9 |
---------------+----------------------------+-----
Dodging        | 2 3 4 5 6 |  6.1
Shapeshifting  | 4 5 6 7 8 |  8.9
Shields        | 1 2 3 4 |  4.9
Fighting       | 2 3 4 5 |  5.8
Unarmed Combat | 4 5 |  5.9

Action                     |  1- 3 |  4- 6 |  7- 9 || total
---------------------------+-------+-------+-------++-------
  Melee: Unarmed           |    27 |    79 |       ||   106
         Tailslap          |     1 |    24 |    38 ||    63
         Punch             |     1 |     2 |       ||     3
         Hand axe          |       |   106 |   249 ||   355
   Fire: Sling             |   100 |     9 |       ||   109
  Evoke: Wand              |       |       |     9 ||     9
    Use: Scroll            |       |    11 |     8 ||    19
         Potion            |       |       |    11 ||    11
   Stab: Sleeping          |       |     1 |     3 ||     4
 Armour: Skin              |    31 |   116 |   156 ||   303
  Dodge: Dodged            |    36 |   114 |   152 ||   302
  Block: Buckler           |       |    20 |    63 ||    83

Table legend: (Time is in decaauts)
 A = Elapsed time spent in this place.
 B = Non-inter-level travel time spent in this place.
 C = Inter-level travel time spent in this place.
 D = Time resting spent in this place.
 E = Time spent auto-exploring this place.
 F = Levels seen in this place.
 G = Mean time per level.
                   A        B        C        D        E       F      G
               +--------+--------+--------+--------+--------+-----+--------+
         Total |   7376 |   7006 |    370 |    287 |   5046 |  10 |  737.6 |
       Dungeon |   5909 |   5572 |    337 |    184 |   4202 |   7 |  844.1 |
        Temple |     70 |     37 |     33 |      0 |      0 |   1 |   70.0 |
         Sewer |    565 |    565 |      0 |      0 |    370 |   1 |  565.0 |
        Bailey |    831 |    831 |      0 |    103 |    474 |   1 |  831.0 |
               +--------+--------+--------+--------+--------+-----+--------+

Top non-repeatable levels by time:
     D:1: 1331 daAuts
     D:5: 1279 daAuts
     D:3: 1149 daAuts
     D:6: 1000 daAuts
  Bailey: 831 daAuts
     D:4: 644 daAuts
   Sewer: 565 daAuts
     D:2: 389 daAuts
     D:7: 114 daAuts
  Temple: 70 daAuts
